 Dungeon Crawl Stone Soup version 0.30-a0-122-g2a1322497e (webtiles) character file.

Game seed: 7868084720646489944

501 Decritt the Ducker (level 6, 0/32 HPs)
             Began as a Spriggan Hunter on Sept 16, 2022.
             Shot with an arrow by a centaur (7 damage)
             ... on level 5 of the Dungeon.
             The game lasted 00:12:06 (3970 turns).

Decritt the Ducker (Spriggan Hunter)                Turns: 3970, Time: 00:12:07

Health: 0/32       AC:  2    Str:  7    XL:     6   Next: 95%
Magic:  7/7        EV: 21    Int: 10    God:
Gold:   114        SH:  5    Dex: 21    Spells: 5/5 levels left

rFire   . . .      SeeInvis +    a - +0 shortbow
rCold   . . .      Faith    .    (shield currently unavailable)
rNeg    . . .      Spirit   .    c - +0 robe
rPois   .          Reflect  +    (helmet restricted)
rElec   .          Harm     .    (no cloak)
rCorr   .          Rampage  .    (gloves unavailable)
Will    +....                    (boots unavailable)
Stlth   +++.......               l - amulet of reflection
HPRegen 0.10/turn                g - +4 ring of slaying
MPRegen 0.10/turn                (no ring)

@: very quick
A: very small, no large weapons, unfitting armour, see invisible, speed 3
a: no special abilities


You were on level 5 of the Dungeon.
You visited 1 branch of the dungeon, and saw 5 of its levels.

You collected 213 gold pieces.
You spent 99 gold pieces at shops.

Inventory:

Hand Weapons
 a - a +0 shortbow (weapon)
Armour
 c - a +0 robe (worn)
Jewellery
 g - a +4 ring of slaying (left hand)
 l - an amulet of reflection (around neck)
 x - a ring of magical power
Wands
 r - a wand of mindburst (3)
Scrolls
 b - 2 scrolls of immolation
 d - 2 scrolls of enchant armour {unknown}
 f - a scroll of silence
 h - 2 scrolls of magic mapping
 m - a scroll of fog {unknown}
 n - a scroll of torment {unknown}
 s - 2 scrolls of blinking {unknown}
 u - 3 scrolls of teleportation
 v - a scroll of fear
 w - 2 scrolls of poison {unknown}
Potions
 e - 2 potions of might
 i - 2 potions of brilliance
 j - a potion of heal wounds {unknown}
 k - 3 potions of lignification
 o - 2 potions of curing {unknown}
 p - a potion of berserk rage {unknown}
 q - a potion of invisibility {unknown}
 t - a potion of magic {unknown}


   Skills:
 + Level 3.0 Fighting
 * Level 5.5 Ranged Weapons
 * Level 5.9 Dodging
 + Level 5.3 Stealth


You had 5 spell levels left.
You didn't know any spells.
Your spell library contained the following spells:

 Spells                   Type           Power      Damage    Failure   Level
 Scorch                   Fire           0%         2d5       50%         2
 Dazzling Flash           Conj/Hex       0%         N/A       75%         3
 Flame Wave               Conj/Fire      0%         2d4       98%         4
 Iskenderun's Mystic Bla  Conj/Tloc      0%         2d3       98%         4
 Starburst                Conj/Fire      0%         6d3       100%        6
 Summon Cactus Giant      Summ           0%         N/A       100%        6


Dungeon Overview and Level Annotations

Branches:
Dungeon (5/15)
 Temple: D:4-7

Altars:
Ashenzari
Xom

Shops:
D:1 ?   D:4 [


Innate Abilities, Weirdness & Mutations

You are very small and have problems with some larger weapons.
You are too small for most types of armour.
You have supernaturally acute eyesight. (SInv)
You cover ground extremely quickly. (Speed+++)


Message History

i - 2 potions of brilliance (gained 1)
You open the door.
There is an open door here.
A centaur comes into view.
The centaur shouts!
The centaur wields a +0 shortbow.
The centaur shoots an arrow.
You reflect the arrow off an invisible shield around you!
The arrow completely misses the centaur.
You shoot an arrow. The arrow hits the centaur!
The centaur is moderately wounded.
The centaur shoots an arrow.
You reflect the arrow off an invisible shield around you!
The arrow closely misses the centaur.
The centaur shoots an arrow.
The arrow hits you!
You shoot an arrow. The arrow hits the centaur.
The centaur is heavily wounded.
The centaur shoots an arrow.
The arrow hits you!
* * * LOW HITPOINT WARNING * * *
The centaur shoots an arrow.
The arrow hits you!
* * * LOW HITPOINT WARNING * * *
Okay, then.
Okay, then.
There is an open door here.
Unknown command.
Okay, then.
The centaur shoots an arrow.
You reflect the arrow off an invisible shield around you!
The arrow hits the centaur.
The centaur shoots an arrow.
The arrow closely misses you.
You open the door.
The centaur shoots an arrow.
The arrow misses you.
There is an open door here.
You close the door.
The centaur shoots an arrow.
You reflect the arrow off an invisible shield around you!
The arrow hits the centaur!
The centaur shoots an arrow.
The arrow barely misses you.
There is an open door here.
The centaur shoots an arrow.
The arrow hits you!
You die...

........+.........#...
........#.........#...
........#.........#...
........##c########...
..#####...............
#+###...#...............
#.......#...........
#...#.#.'...........
###....@#...........
....#.#.##+#####....
........#......#....
#...........#...'......# ..(
#...........#...#......+...>#
#...........#...#......#....#
#..........>#+###..#####....#
#.....).........##'#.........
#)......##+#....'..+.........


You could see a centaur.

Vanquished Creatures
  Edmund (D:4)
  A phantom (D:4)
  2 scorpions
  3 crimson imps (D:4)
  2 adders
  2 worms
  6 dart slugs
  7 orcs
  5 bats
  4 endoplasms
  5 giant cockroaches
  7 hobgoblins
  3 quokkas
  4 ball pythons
  2 frilled lizards
  2 goblins
  4 kobolds
  2 rats (D:3)
62 creatures vanquished.

Notes
Turn   | Place    | Note
-------+----------+-------------------------------------------
     0 | D:1      | Decritt the Spriggan Hunter began the quest for the Orb.
     0 | D:1      | Reached XP level 1. HP: 10/10 MP: 2/2
    52 | D:1      | Found Wofel's Magic Scroll Boutique.
   255 | D:1      | Bought a scroll of identify for 22 gold pieces
   348 | D:1      | Reached XP level 2. HP: 9/15 MP: 3/3
  1314 | D:2      | Reached XP level 3. HP: 18/18 MP: 4/4
  2153 | D:3      | Found a faded altar of an unknown god.
  2255 | D:3      | Reached XP level 4. HP: 23/23 MP: 5/5
  2397 | D:4      | Noticed a scorpion
  2413 | D:4      | Killed a scorpion
  2414 | D:4      | Reached XP level 5. HP: 27/27 MP: 6/6
  2506 | D:1      | Bought a scroll of teleportation for 33 gold pieces
  2506 | D:1      | Bought a scroll of fear for 44 gold pieces
  2704 | D:4      | Noticed Edmund
  2762 | D:4      | Killed Edmund
  2763 | D:4      | Reached skill level 5 in Ranged Weapons
  2852 | D:4      | Found Liveref's Antique Armour Shoppe.
  3148 | D:4      | Found a shimmering altar of Xom.
  3154 | D:4      | Reached skill level 5 in Dodging
  3154 | D:4      | Reached XP level 6. HP: 32/32 MP: 7/7
  3203 | D:4      | Reached skill level 5 in Stealth
  3766 | D:5      | Entered Level 5 of the Dungeon
  3806 | D:5      | Found a broken altar of Ashenzari.
  3970 | D:5      | Shot with an arrow by a centaur

Illustrated notes

Levels and vault maps discovered:
D:1:      dpeg_arrival_three_same_balls, layout_rooms, serial_shops, shop,
          st_stairs_4
D:2:      layout_loops_corners, grunt_decor_cap
D:3:      layout_basic, shapermc_ecumenical_altar_petra
D:4:      layout_loops_corners, led_xom_imps, serial_shops, shop, uniq_edmund
D:5:      layout_gridville, general_overflow_altar, serial_glass,
          glass_columns_b, glass_columns_a

Skill      XL: |  1  2  3  4  5  6 |
---------------+-------------------+-----
Stealth        | 2 3 4 5 |  5.3
Dodging        | 3 4 5 |  5.9
Fighting       | 2 3 |  3.0
Ranged Weapons | 5 |  5.5

Action                   |  1- 3 |  4- 6 || total
-------------------------+-------+-------++-------
 Fire: Shortbow          |    91 |    94 ||   185
  Use: Scroll            |     6 |     2 ||     8
Armor: Robe              |     1 |     1 ||     2
Dodge: Dodged            |     4 |    19 ||    23
Block: Other             |     1 |     7 ||     8
       Reflection        |       |     4 ||     4

Table legend: (Time is in decaauts)
 A = Elapsed time spent in this place.
 B = Non-inter-level travel time spent in this place.
 C = Inter-level travel time spent in this place.
 D = Time resting spent in this place.
 E = Time spent auto-exploring this place.
 F = Levels seen in this place.
 G = Mean time per level.
                   A        B        C        D        E       F      G
               +--------+--------+--------+--------+--------+-----+--------+
         Total |   2791 |   2614 |    177 |    209 |   1884 |   5 |  558.2 |
       Dungeon |   2791 |   2614 |    177 |    209 |   1884 |   5 |  558.2 |
               +--------+--------+--------+--------+--------+-----+--------+

Top non-repeatable levels by time:
     D:4: 892 daAuts
     D:1: 683 daAuts
     D:2: 567 daAuts
     D:3: 515 daAuts
     D:5: 132 daAuts
